 Dungeon Crawl Stone Soup version 0.17-a0-2231-gd80ca38 (webtiles) character file.

334 radek the Destroyer (level 6, 0/32 HPs)
             Began as a Deep Elf Conjurer on Oct 29, 2015.
             Slain by an ogre
             ... wielding a +0 giant spiked club
              (23 damage)
             ... on level 4 of the Dungeon.
             The game lasted 00:11:26 (3545 turns).

radek the Destroyer (Deep Elf Conjurer)             Turns: 3545, Time: 00:11:26

Health: 0/32       AC:  5    Str:  6    XL:     6   Next: 27%
Magic:  4/12       EV: 13    Int: 21    God:
Gold:   81         SH:  0    Dex: 15    Spells: 2 memorised, 5 levels left

rFire  x . .     SeeInvis .     h - -2 dagger (curse)
rCold  + . .     Clarity  .     a - +0 robe
rNeg   . . .     SustAt   +     (no shield)
rPois  .         Gourm    .     (no helmet)
rElec  .         Spirit   .     l - +2 cloak
rCorr  .         Warding  .     (no gloves)
rMut   .         Stasis   .     (no boots)
MR     .....                    (no amulet)
Stlth  ++........               t - ring of sustain attributes
                                q - ring of ice

@: not resistant to hostile enchantments, unstealthy
A: no striking features
a: no special abilities


You were on level 4 of the Dungeon.
You were not hungry.

You visited 1 branch of the dungeon, and saw 4 of its levels.

You collected 81 gold pieces.

Inventory:

Hand Weapons
 d - a +0 dagger of electrocution
 h - a cursed -2 dagger (weapon)
 p - a +2 vampiric hand axe
 s - a cursed -2 short sword
 v - a +0 dagger of venom
Armour
 a - a +0 robe (worn)
 l - a +2 cloak (worn)
Jewellery
 q - a ring of ice (left hand)
 t - a ring of sustain attributes (right hand)
Scrolls
 e - a scroll of fog {unknown}
 f - 3 scrolls of noise {unknown}
 g - 4 scrolls of teleportation {unknown}
 n - a scroll of recharging {unknown}
 o - a scroll of fear {unknown}
 r - a scroll of immolation {unknown}
 x - a scroll of random uselessness {unknown}
 C - a scroll of identify {unknown}
Potions
 i - a potion of heal wounds {unknown}
 k - a potion of magic {unknown}
 u - a potion of invisibility {unknown}
 w - a potion of cancellation {unknown}
 z - a potion of poison {unknown}
 A - a potion of brilliance {unknown}
 D - a potion of agility {unknown}
Books
 b - a book of Conjurations

   Spells                             Type                      Level
   a - Magic Dart                     Conjuration                  1
   b - Searing Ray                    Conjuration                  2
   c - Dazzling Spray                 Conjuration/Hexes            3
   d - Fulminant Prism                Conjuration/Hexes            4
   e - Iskenderun's Mystic Blast      Conjuration                  4
   f - Iskenderun's Battlesphere      Conjuration/Charms           5
 y - a book of Maledictions

   Spells                             Type                      Level
   a - Corona                         Hexes                        1
   b - Ensorcelled Hibernation        Hexes/Ice                    2
   c - Confuse                        Hexes                        3
   d - Tukima's Dance                 Hexes                        3
   e - Dazzling Spray                 Conjuration/Hexes            3
Comestibles
 c - 2 bread rations
 j - 13 fruits
 m - a royal jelly


   Skills:
 - Level 2.4 Dodging
 - Level 2.4 Stealth
 - Level 3.0 Spellcasting
 - Level 8.0 Conjurations
 + Level 2.7 Charms


You had 5 spell levels left.
You knew the following spells:

 Your Spells              Type           Power        Failure   Level  Hunger
a - Magic Dart            Conj           ####         1%          1    None
b - Iskenderun's Battles  Conj/Chrm      ####....     41%         5    ######.


Dungeon Overview and Level Annotations

Branches:
Dungeon (4/15)
 Temple: D:4-7

Altars:


Message History

The magic dart hits the ogre.
The ogre is severely wounded.
Casting: Magic Dart
Confirm with . or Enter, or press ? or * to list all spells.
Aiming: Magic Dart
Press: ? - help, Shift-Dir - straight line, f/p - ogre
Aim: an ogre, wielding a giant spiked club (severely wounded)
The magic dart hits the ogre.
The ogre is almost dead.
The ogre barely misses you.
Casting: Magic Dart
Confirm with . or Enter, or press ? or * to list all spells.
Aiming: Magic Dart
Press: ? - help, Shift-Dir - straight line, f/p - ogre
Aim: an ogre, wielding a giant spiked club (almost dead)
The magic dart hits the ogre.
The ogre is almost dead.
The ogre hits you with a giant spiked club!!
Ouch! That really hurt!
You die...

.... ## ... #. .. .=#
# #. ##.#####..#.#(#
#. #.............#
##.###.
#....$.........
....... #.# #.# #.
######. #.#####O# #.#
#. #....##@#.# #.# #.
#.........# #.# ####.
#....##...# #.#
....... #.#.####.##
#.# ####### #.#.## #.#
#.#######...
#.######..#.###.#
#......g.g##
.........###.##.##
#.#########
#....>....#.##...###.#
#######...)....#.....#


You could see an ogre.

Vanquished Creatures
  A scorpion (D:4)
  A hound (D:4)
  Jessica (D:2)
  An orc wizard (D:3)
  A hound skeleton (D:4)
  9 adders
  4 gnolls
  2 oozes
  3 worms (D:2)
  7 orcs
  3 giant cockroaches
  6 goblins
  5 hobgoblins
  A quokka (D:3)
  A ball python (D:2)
  9 bats
  2 giant geckos
  2 giant newts
  6 kobolds
  4 rats
69 creatures vanquished.

Vanquished Creatures (others)
  4 toadstools (D:1)
4 creatures vanquished.

Grand Total: 73 creatures vanquished

Notes
Turn   | Place    | Note
--------------------------------------------------------------
     0 | D:1      | radek the Deep Elf Conjurer began the quest for the Orb.
     0 | D:1      | Reached XP level 1. HP: 10/10 MP: 6/6
   217 | D:1      | Reached XP level 2. HP: 15/15 MP: 2/8
   314 | D:1      | Reached skill level 5 in Conjurations
   712 | D:2      | Reached XP level 3. HP: 15/19 MP: 0/9
   953 | D:2      | Reached skill level 6 in Conjurations
  1170 | D:2      | Reached XP level 4. HP: 24/24 MP: 4/10
  1234 | D:2      | Noticed Jessica
  1263 | D:2      | Killed Jessica
  2013 | D:3      | Reached skill level 7 in Conjurations
  2013 | D:3      | Reached XP level 5. HP: 28/28 MP: 8/11
  3046 | D:3      | Reached skill level 8 in Conjurations
  3046 | D:3      | Reached XP level 6. HP: 32/32 MP: 3/12
  3053 | D:3      | Learned a level 5 spell: Iskenderun's Battlesphere
  3534 | D:4      | Noticed an ogre
  3545 | D:4      | Slain by an ogre

Vault maps used:
D:1:      ldierk_walled_garden_2
D:2:      uniq_jessica
D:4:      first_bread

Action                   |  1- 3 |  4- 6 || total
-------------------------+-------+-------++-------
Melee: Dagger            |     1 |       ||     1
 Cast: Magic Dart        |    68 |   128 ||   196
  Eat: Chunk             |     1 |     7 ||     8
